TOP OF THE 1ST |
---|
Austin River Sharks batting - Pitching for Kenilworth Aces : RHP Walt Burton | Pitching: RHP Walt Burton | | Batting: LHB José Liñares | 0-0: Ball 1-0: Foul Ball, location: 2F 1-1: Swinging Strike 1-2: Foul Ball, location: 2F 1-2: Ball 2-2: Ball 3-2: Fly out, F9 (Flyball, 9) | Batting: RHB Júlio Figueroa | 0-0: Foul Ball, location: 2F 0-1: Foul Ball, location: 2F 0-2: Ball 1-2: Foul Ball, location: 2F 1-2: Ball 2-2: Fly out, F9 (Line Drive, 9LM) | Batting: LHB Greg Nelson | 0-0: Ball 1-0: Ball 2-0: Ball 3-0: Foul Ball, location: 2F 3-1: Ground out U3 (Groundball, 34S) | Top of the 1st over - 0 runs, 0 hits, 0 errors, 0 left on base; Austin 0 - Kenilworth 0 | BOTTOM OF THE 1ST |
---|
Kenilworth Aces batting - Pitching for Austin River Sharks : RHP António Rijo | Pitching: RHP António Rijo | | Batting: LHB Barrett Waters | 0-0: Ball 1-0: Called Strike 1-1: Ground out 4-3 (Groundball, 4) | Batting: LHB Roberto García | 0-0: Called Strike 0-1: Ball 1-1: Ball 2-1: Ball 3-1: DOUBLE (Flyball, 89XD) | Batting: SHB Julián Madrid | 0-0: Ball 1-0: Ball 2-0: SINGLE (Line Drive, 56D) Roberto García to third | Batting: LHB Roy Patrick | 0-0: Foul Ball, location: 2F 0-1: Ball 1-1: Ball 2-1: Ground out 6-3 (Groundball, 6MS) Roberto García scores Julián Madrid to second | Batting: LHB Roger Moore | 0-0: Foul Ball, location: 2F 0-1: Foul Ball, location: 2F 0-2: Strikes out looking | Bottom of the 1st over - 1 run, 2 hits, 0 errors, 1 left on base; Austin 0 - Kenilworth 1 | TOP OF THE 2ND |
---|
Austin River Sharks batting - Pitching for Kenilworth Aces : RHP Walt Burton | Batting: RHB Edward Young | 0-0: Ball 1-0: Foul Ball, location: 2F 1-1: Foul Ball, location: 2F 1-2: Fly out, F8 (Flyball, 8LM) | Batting: RHB Pedro Guzmán | 0-0: SINGLE (Line Drive, 4D) | Batting: RHB Tony Cruz | 0-0: Called Strike 0-1: Foul Ball, location: 2F 0-2: Foul Ball, location: 2F 0-2: Ball 1-2: SINGLE (Groundball, 34D) Pedro Guzmán to second Runner from 2nd tries for 3rd, OUT! Tony Cruz to second | Batting: LHB Harry Pitts | 0-0: Foul Ball, location: 2F 0-1: DOUBLE (Line Drive, 7LD) Tony Cruz scores | Batting: RHB Richard Coker | 0-0: Called Strike 0-1: Ball 1-1: Ball 2-1: SINGLE (Line Drive, 8RS) Harry Pitts to third Runner from 3rd tries for Home, SAFE, no throw | Batting: RHB Andy Aiton | 0-0: Called Strike 0-1: Ball 1-1: Called Strike 1-2: Ball 2-2: Ball 3-2: Foul Ball, location: 2F 3-2: Fly out, F9 (Flyball, 9D) | Top of the 2nd over - 2 runs, 4 hits, 0 errors, 1 left on base; Austin 2 - Kenilworth 1 | BOTTOM OF THE 2ND |
---|
Kenilworth Aces batting - Pitching for Austin River Sharks : RHP António Rijo | Batting: RHB Andrés Lara | 0-0: Called Strike 0-1: Ball 1-1: Called Strike 1-2: Ground out 6-3 (Groundball, 6) | Batting: RHB Luis Sánchez | 0-0: Ground out 6-3 (Groundball, 6MS) | Batting: LHB Jim Jensen | 0-0: Ball 1-0: Foul Ball, location: 2F 1-1: Foul Ball, location: 2F 1-2: Ground out 6-3 (Groundball, 6) | Bottom of the 2nd over - 0 runs, 0 hits, 0 errors, 0 left on base; Austin 2 - Kenilworth 1 | TOP OF THE 3RD |
---|
Austin River Sharks batting - Pitching for Kenilworth Aces : RHP Walt Burton | Batting: LHB José Liñares | 0-0: Ball 1-0: Ball 2-0: Ground out 6-3 (Groundball, 6) | Batting: RHB Júlio Figueroa | 0-0: Ball 1-0: Foul Ball, location: 2F 1-1: Swinging Strike 1-2: Ground out 6-3 (Groundball, 6) | Batting: LHB Greg Nelson | 0-0: SINGLE (Flyball, 7LS) | Batting: RHB Edward Young | 0-0: Fielders Choice at 2nd, 6-4 (Groundball, 56) | Top of the 3rd over - 0 runs, 1 hit, 0 errors, 1 left on base; Austin 2 - Kenilworth 1 | BOTTOM OF THE 3RD |
---|
Kenilworth Aces batting - Pitching for Austin River Sharks : RHP António Rijo | Batting: RHB Taylor McFarland | 0-0: Foul Ball, location: 2F 0-1: Foul Ball, location: 2F 0-2: Ball 1-2: DOUBLE (Line Drive, 8LD) | Batting: LHB Barrett Waters | 0-0: Called Strike 0-1: Fly out, F5 (Popup, 25) | Batting: LHB Roberto García | 0-0: Called Strike 0-1: Ball 1-1: Ball 2-1: Ball 3-1: Foul Ball, location: 2F 3-2: Strikes out looking | Batting: SHB Julián Madrid | 0-0: Called Strike 0-1: Ball 1-1: Swinging Strike 1-2: Ball 2-2: Ball 3-2: Ground out 6-3 (Groundball, 6) | Bottom of the 3rd over - 0 runs, 1 hit, 0 errors, 1 left on base; Austin 2 - Kenilworth 1 | TOP OF THE 4TH |
---|
Austin River Sharks batting - Pitching for Kenilworth Aces : RHP Walt Burton | Batting: RHB Pedro Guzmán | 0-0: Ball 1-0: Called Strike 1-1: SOLO HOME RUN (Flyball, 7LD), Distance : 380 ft | Batting: RHB Tony Cruz | 0-0: Called Strike 0-1: Ball 1-1: Fly out, F9 (Flyball, 9S) | Batting: LHB Harry Pitts | 0-0: Swinging Strike 0-1: Called Strike 0-2: Ball 1-2: Strikes out looking | Batting: RHB Richard Coker | 0-0: Called Strike 0-1: Foul Ball, location: 2F 0-2: Ball 1-2: Foul Ball, location: 2F 1-2: Ground out 6-3 (Groundball, 6) | Top of the 4th over - 1 run, 1 hit, 0 errors, 0 left on base; Austin 3 - Kenilworth 1 | BOTTOM OF THE 4TH |
---|
Kenilworth Aces batting - Pitching for Austin River Sharks : RHP António Rijo | Batting: LHB Roy Patrick | 0-0: Called Strike 0-1: Fly out, F6 (Popup, 6M) | Batting: LHB Roger Moore | 0-0: DOUBLE (Flyball, 89D) | Batting: RHB Andrés Lara | 0-0: Fly out, F9 (Flyball, 89M) | Batting: RHB Luis Sánchez | 0-0: Foul Ball, location: 2F 0-1: Ball 1-1: Foul Ball, location: 2F 1-2: Ground out 6-3 (Groundball, 6) | Bottom of the 4th over - 0 runs, 1 hit, 0 errors, 1 left on base; Austin 3 - Kenilworth 1 | TOP OF THE 5TH |
---|
Austin River Sharks batting - Pitching for Kenilworth Aces : RHP Walt Burton | Batting: RHB Andy Aiton | 0-0: Ball 1-0: Ground out 5-3 (Groundball, 56S) | Batting: LHB José Liñares | 0-0: Swinging Strike 0-1: TRIPLE (Line Drive, 9D) | Batting: RHB Júlio Figueroa | 0-0: Ground out 6-3 (Groundball, 6) José Liñares scores | Batting: LHB Greg Nelson | 0-0: Ball 1-0: SINGLE (Line Drive, 9S) | Batting: RHB Edward Young | 0-0: Ball 1-0: Ball 2-0: Foul Ball, location: 2F 2-1: Swinging Strike 2-2: Strikes out swinging | Top of the 5th over - 1 run, 2 hits, 0 errors, 1 left on base; Austin 4 - Kenilworth 1 | BOTTOM OF THE 5TH |
---|
Kenilworth Aces batting - Pitching for Austin River Sharks : RHP António Rijo | Batting: LHB Jim Jensen | 0-0: Swinging Strike 0-1: Ball 1-1: Swinging Strike 1-2: Fly out, F6 (Popup, 6S) | Batting: RHB Taylor McFarland | 0-0: Ball 1-0: Ball 2-0: Swinging Strike 2-1: Ball 3-1: Called Strike 3-2: Strikes out swinging | Batting: LHB Barrett Waters | 0-0: Called Strike 0-1: Ball 1-1: Ground out U3 (Groundball, 3L) | Bottom of the 5th over - 0 runs, 0 hits, 0 errors, 0 left on base; Austin 4 - Kenilworth 1 | TOP OF THE 6TH |
---|
Austin River Sharks batting - Pitching for Kenilworth Aces : RHP Walt Burton | Batting: RHB Pedro Guzmán | 0-0: Called Strike 0-1: Foul Ball, location: 2F 0-2: Ball 1-2: Ball 2-2: Strikes out looking | Batting: RHB Tony Cruz | 0-0: Called Strike 0-1: Ball 1-1: Foul Ball, location: 2F 1-2: SINGLE (Groundball, 34S) (infield hit) | Batting: LHB Harry Pitts | 0-0: Ball 1-0: SINGLE (Flyball, 9LS) Tony Cruz to second Runner from 2nd tries for 3rd, OUT! | Batting: RHB Richard Coker | 0-0: Ball 1-0: Called Strike 1-1: Called Strike 1-2: Ball 2-2: Ball 3-2: Ground out 3-1 (Groundball, 34S) | Top of the 6th over - 0 runs, 2 hits, 0 errors, 1 left on base; Austin 4 - Kenilworth 1 | BOTTOM OF THE 6TH |
---|
Kenilworth Aces batting - Pitching for Austin River Sharks : RHP António Rijo | Batting: LHB Roberto García | 0-0: Ball 1-0: Ball 2-0: Ball 3-0: Called Strike 3-1: Swinging Strike 3-2: Base on Balls | Batting: SHB Julián Madrid | 0-0: Ball 1-0: Foul Ball, location: 2F 1-1: Ball 2-1: Foul Ball, location: 2F 2-2: Ball 3-2: Foul Ball, location: 2F 3-2: SINGLE (Line Drive, 78S) Roberto García to second Roberto García to third | Batting: LHB Roy Patrick | 0-0: Ball 1-0: Called Strike 1-1: SINGLE (Groundball, 34) (infield hit) Roberto García scores Julián Madrid to second | Pinch Runner at 1st António Gonzáles: | | Batting: LHB Roger Moore | 0-0: Ball 1-0: Ball 2-0: SINGLE (Flyball, 9LM) Julián Madrid to third António Gonzáles to second Runner from 3rd tries for Home, throw and OUT! | Batting: RHB Andrés Lara | 0-0: Called Strike 0-1: Foul Ball, location: 2F 0-2: SINGLE (Line Drive, 4) (infield hit) António Gonzáles to third Roger Moore to second | Batting: RHB Luis Sánchez | 0-0: Called Strike 0-1: Ball 1-1: Swinging Strike 1-2: Foul Ball, location: 2F 1-2: Foul Ball, location: 2F 1-2: Ball 2-2: Strikes out swinging | Batting: LHB Jim Jensen | 0-0: Called Strike 0-1: Fly out, F3 (Popup, 3SF) | Bottom of the 6th over - 1 run, 4 hits, 0 errors, 3 left on base; Austin 4 - Kenilworth 2 | TOP OF THE 7TH |
---|
Austin River Sharks batting - Pitching for Kenilworth Aces : RHP Walt Burton | Batting: RHB Andy Aiton | 0-0: Called Strike 0-1: Called Strike 0-2: Fly out, F9 (Flyball, 89M) | Batting: LHB José Liñares | 0-0: Ball 1-0: Called Strike 1-1: Ball 2-1: Hit by Pitch | Batting: RHB Júlio Figueroa | 0-0: Ball 1-0: Grounds into double play, 1-6-3 (Groundball, 13) | Top of the 7th over - 0 runs, 0 hits, 0 errors, 0 left on base; Austin 4 - Kenilworth 2 | BOTTOM OF THE 7TH |
---|
Kenilworth Aces batting - Pitching for Austin River Sharks : RHP António Rijo | Batting: RHB Taylor McFarland | 0-0: Ball 1-0: Called Strike 1-1: Foul Ball, location: 2F 1-2: Foul Ball, location: 2F 1-2: Strikes out swinging | Batting: LHB Barrett Waters | 0-0: Ball 1-0: Foul Ball, location: 2F 1-1: Ball 2-1: Ground out 4-3 (Groundball, 4) | Batting: LHB Roberto García | 0-0: Called Strike 0-1: Foul Ball, location: 2F 0-2: Ball 1-2: Ball 2-2: Fly out, F7 (Line Drive, 7LM) | Bottom of the 7th over - 0 runs, 0 hits, 0 errors, 0 left on base; Austin 4 - Kenilworth 2 | TOP OF THE 8TH |
---|
Austin River Sharks batting - Pitching for Kenilworth Aces : RHP Walt Burton | Batting: LHB Greg Nelson | 0-0: Ball 1-0: Swinging Strike 1-1: Swinging Strike 1-2: DOUBLE (Line Drive, 9LM) | Batting: RHB Edward Young | 0-0: Intentional Walk | Pitching: LHP Alfonso Ramos | | Batting: RHB Pedro Guzmán | 0-0: Ball 1-0: Called Strike 1-1: Foul Ball, location: 2F 1-2: Strikes out swinging | Batting: RHB Tony Cruz | 0-0: Ball 1-0: Called Strike 1-1: Ball 2-1: Ball 3-1: Base on Balls Greg Nelson to third Edward Young to second | Pinch Hitting: RHB Jesús Hernández | 0-0: Ball 1-0: Ball 2-0: Called Strike 2-1: Called Strike 2-2: Strikes out looking | Batting: RHB Richard Coker | 0-0: Ball 1-0: Swinging Strike 1-1: Ball 2-1: Called Strike 2-2: Strikes out looking | Top of the 8th over - 0 runs, 1 hit, 0 errors, 3 left on base; Austin 4 - Kenilworth 2 | BOTTOM OF THE 8TH |
---|
Kenilworth Aces batting - Pitching for Austin River Sharks : RHP António Rijo | Pitching: RHP Jorge Delgado | | Now in CF: Enrico Vargas | | Batting: SHB Julián Madrid | 0-0: Called Strike 0-1: Fly out, F9 (Flyball, 89M) | Batting: RHB António Gonzáles | 0-0: Foul Ball, location: 2F 0-1: Swinging Strike 0-2: Ball 1-2: Ball 2-2: Ball 3-2: Strikes out swinging | Pitching: LHP António Bueno | | Batting: LHB Roger Moore | 0-0: Ball 1-0: SINGLE (Line Drive, 8RS) | Pitching: RHP Josh Graham | | Batting: RHB Andrés Lara | 0-0: Ball 1-0: Ball 2-0: Ground out 6-3 (Groundball, 6S) | Bottom of the 8th over - 0 runs, 1 hit, 0 errors, 1 left on base; Austin 4 - Kenilworth 2 | TOP OF THE 9TH |
---|
Austin River Sharks batting - Pitching for Kenilworth Aces : LHP Alfonso Ramos | Batting: RHB Andy Aiton | 0-0: SOLO HOME RUN (Flyball, 7LD), Distance : 377 ft | Batting: LHB José Liñares | 0-0: Called Strike 0-1: Ball 1-1: Foul Ball, location: 2F 1-2: Foul Ball, location: 2F 1-2: Strikes out looking | Batting: RHB Júlio Figueroa | 0-0: Foul Ball, location: 2F 0-1: Ball 1-1: Ball 2-1: Foul Ball, location: 2F 2-2: Foul Ball, location: 2F 2-2: Ground out 6-3 (Groundball, 6) | Batting: LHB Greg Nelson | 0-0: Called Strike 0-1: Foul Ball, location: 2F 0-2: Ball 1-2: Strikes out swinging | Top of the 9th over - 1 run, 1 hit, 0 errors, 0 left on base; Austin 5 - Kenilworth 2 | BOTTOM OF THE 9TH |
---|
Kenilworth Aces batting - Pitching for Austin River Sharks : RHP Josh Graham | Pitching: RHP Paco Gutiérrez | | Batting: RHB Luis Sánchez | 0-0: Swinging Strike 0-1: Ball 1-1: SINGLE (Line Drive, 6MD) | Batting: LHB Jim Jensen | 0-0: Ball 1-0: Ball 2-0: Swinging Strike 2-1: Swinging Strike 2-2: Ball 3-2: Ground out 6-3 (Groundball, 6) Luis Sánchez to second | Batting: RHB Taylor McFarland | 0-0: Ball 1-0: Ball 2-0: Ball 3-0: Ground out 4-3 (Groundball, 4) Luis Sánchez to third | Batting: LHB Barrett Waters | 0-0: Ball 1-0: Called Strike 1-1: Ball 2-1: Ground out 5-3 (Groundball, 56) | Bottom of the 9th over - 0 runs, 1 hit, 0 errors, 1 left on base; Austin 5 - Kenilworth 2 | |